 Dungeon Crawl Stone Soup version 0.23.2-33-g5129a83184 (webtiles) character file.

Game seed: 10649327833605432185

398 kae the Spear-Bearer (level 6, -8/48 HPs)
             Began as a Merfolk Gladiator on July 25, 2019.
             Killed by nerve-wracking pain
             ... invoked by an orc priest
              (12 damage)
             ... on level 4 of the Dungeon.
             The game lasted 00:03:07 (2712 turns).

kae the Spear-Bearer (Merfolk Gladiator)            Turns: 2712, Time: 00:03:08

Health: -8/48      AC:  5    Str: 14    XL:     6   Next: 83%
Magic:  6/6        EV: 15    Int:  9    God:
Gold:   41         SH:  0    Dex: 16    Spells: 5/5 levels left

rFire    . . .     SeeInvis +   a - +0 trident
rCold    . . .     Gourm    .   (no shield)
rNeg     . . .     Faith    .   b - +0 leather armour
rPois    .         Spirit   .   o - +1 helmet
rElec    .         Reflect  .   (no cloak)
rCorr    .         Harm     .   (no gloves)
MR       .....                  (no boots)
Stlth    +.........             (no amulet)
HPRegen  0.16/turn              s - ring of see invisible
MPRegen  0.10/turn              (no ring)

@: no status effects
A: change form in water, swift swim, stealthy swim
a: no special abilities


You were on level 4 of the Dungeon.
You were very hungry.

You visited 1 branch of the dungeon, and saw 4 of its levels.

You collected 41 gold pieces.

Inventory:

Hand Weapons
 a - a +0 trident (weapon)
Missiles
 d - 3 throwing nets (quivered)
Armour
 b - a +0 leather armour (worn)
 o - a +1 helmet (worn)
Jewellery
 s - a ring of see invisible (left hand)
Scrolls
 c - a scroll of enchant armour
 e - a scroll of immolation
 g - a scroll of fear
 h - a scroll of blinking
 j - 3 scrolls of identify
 m - a scroll of noise
Potions
 k - a potion of magic
 l - 2 potions of lignification {unknown}
 p - a potion of haste {unknown}
 r - a potion of cancellation {unknown}
Comestibles
 f - 6 rations
 i - 3 chunks of flesh


   Skills:
 + Level 4.2 Fighting
 * Level 8.2 Polearms
 - Level 2.0 Throwing
 + Level 5.9 Dodging


You had 5 spell levels left.
You didn't know any spells.
Your spell library was empty.

Dungeon Overview and Level Annotations

Branches:
Dungeon (4/15)
 Temple: D:4-7

Altars:
Dithmenos
Ru
Sif Muna
Uskayaw
The Shining One


Message History

The hound is almost dead.
The hound bites you.
* * * LOW HITPOINT WARNING * * *
The hound bites you but does no damage.
You hit the hound.
You kill the hound!
A worker ant comes into view.
An orc priest comes into view.
It is wielding a -3 dagger and carrying a wand of iceblast (6).
Found a tubular sapphire ring.
Items here: $ ) [ † a cursed +0 hand axe; a +0 ring mail; 8 gold pieces; a hound corpse
i - 3 chunks of flesh You see here a hound skeleton.
The orc priest calls down the wrath of Beogh upon you.
Beogh smites you!
* * * LOW HITPOINT WARNING * * *
You hear a shout!
The orc priest calls down the wrath of Beogh upon you.
Pain shoots through your body!
You die...

a. .### #. ...
o. .. #. #.# #.
(.# ###o####
##.# #...)..#
###..#
#..[?÷(####.$<#
#......@....###
#......######
#......#
#^.....#
########


You could see an orc priest.

Vanquished Creatures
  A phantom (D:4)
  2 hounds (D:4)
  A worker ant (D:4)
  An iguana (D:3)
  2 orc wizards (D:3)
  A worker ant zombie (D:3)
  4 adders
  An ooze (D:3)
  2 dart slugs
  3 worms
  A leopard gecko (D:2)
  7 orcs
  2 ball pythons
  3 giant cockroaches
  13 goblins
  6 hobgoblins
  2 quokkas (D:2)
  9 bats
  4 frilled lizards
  2 kobolds
  25 rats
92 creatures vanquished.

Notes
Turn   | Place    | Note
-------+----------+-------------------------------------------
     0 | D:1      | kae the Merfolk Gladiator began the quest for the Orb.
     0 | D:1      | Reached XP level 1. HP: 16/16 MP: 1/1
    85 | D:1      | Reached XP level 2. HP: 23/23 MP: 2/2
   257 | D:1      | Reached skill level 5 in Polearms
   328 | D:2      | Found a deep blue altar of Sif Muna.
   332 | D:2      | Found a shadowy altar of Dithmenos.
   333 | D:2      | Found a hide-covered altar of Uskayaw.
   592 | D:2      | Reached XP level 3. HP: 28/28 MP: 3/3
   598 | D:2      | Found a glowing golden altar of the Shining One.
   983 | D:2      | Reached XP level 4. HP: 34/34 MP: 4/4
  1141 | D:2      | Reached skill level 6 in Polearms
  1630 | D:3      | Found a sacrificial altar of Ru.
  1653 | D:3      | Found a sacrificial altar of Ru.
  1709 | D:3      | Reached skill level 5 in Dodging
  1709 | D:3      | Reached XP level 5. HP: 30/41 MP: 5/5
  2091 | D:3      | Reached skill level 7 in Polearms
  2411 | D:4      | Noticed an ogre
  2436 | D:3      | Reached XP level 6. HP: 21/48 MP: 6/6
  2631 | D:4      | Noticed a phantom
  2660 | D:4      | Killed a phantom
  2696 | D:4      | Reached skill level 8 in Polearms
  2712 | D:4      | Killed from afar by an orc priest

Skill      XL: |  1  2  3  4  5  6 |
---------------+-------------------+-----
Polearms       | 5 6 7 8 |  8.2
Fighting       | 3 4 |  4.2
Dodging        | 5 |  5.9
Throwing       | |  2.0

Action                   |  1- 3 |  4- 6 || total
-------------------------+-------+-------++-------
Melee: Trident           |   125 |   184 ||   309
  Use: Potion            |       |     1 ||     1
       Scroll            |       |     9 ||     9
 Stab: Sleeping          |     1 |     2 ||     3
  Eat: Chunk             |       |     5 ||     5
Armor: Leather armour    |    12 |    29 ||    41
Dodge: Dodged            |    52 |    91 ||   143
